Description

It is that time of the year where I present my new 65%+ Winrate ZvT Build. Thanks to the new Cyclone and Nydus changes the 3 Roach Opener is stronger than it has ever been.

Who am I

At the Time of writing this I am a around 6100 MMR Grandmaster Zerg on the EU Server. I play almost only 2 Base Macro Openers (4:30 3rd or later). The focus of my play lies on quick Tech to take control of the game early.

Goal of the Build

The 3 Roach Openers aims to take control from the start without ever giving your Opponent a chance to punch you back. The early Pool allows easy defense against Reaper / Proxy Rax at the same Time as early Harassment with 2 Lings and 3 Roaches. The follow up is a quick 2 Base Spire into 3 Base Ling Bane Muta and 4 Base Hive.

General Build Order

This will be a general overview. For detailed Infos check Analysis / the Video.

OPENER


  • 17 Pool
  • 18 Hatch
  • 17 Gas
  • Build 2 Drones (18 Supply) and rally them to the Gas
  • 1 Pair of Lings + Queen when Pool is done. Attack the Terran Natural with the 2 Lings.
  • Next 150 Minerals Roach Warren - Use one Drone from the Gas.
  • Drone to 22 Supply (3 Drones in Gas)
  • @100% Queen build another Queen in Main
  • @100% Roach Warren 2 Roaches in Main 1 Roach in Natural
  • @150 Minerals 3rd Queen in Natural (use one for Creep Spreading)
  • now Harass with Roaches and Drone at home

LAIR TIME


  • @100 Gas build Lair
  • @3:45 3 additional Gasses --> Keep some defensive Roaches for Hellion Attacks
  • @Lair Start Spire --> Roach Speed
  • @4:30 build 2 Spores (for Libs / Banshees)
  • @5:00 (or so) build a 3rd Base
  • @Spire build 4-6 Mutas

LING BANE TRANSITION


  • Build 2 evos + Ling Speed + Bane Nest as soon as you can
  • Prepare some Lings at home for defense against Hellions / Marines
  • Get +1 Air Attack, +1 Melee +1 Carapace, Bane+Ling Speed and Drone up your 3rd
  • Don't build more Mutalisks until you have all Upgrades on your way.
  • Get a 4th as soon as your 3rd Mineral Line is saturated
  • Start an Infestation as you start +2/+2
  • @Infestation Pit start Hive
  • @Hive go for Ultralisks (or whatever Hive Tech u like)

Unit Composition

In general this is the Units I want to have:

Early

  • 3 Roaches at least against Hellion Runbys

Mid Game

  • 6 Mutalisks and ~8 Roaches for defense

Late Mid Game

  • 8-16 Mutalisks
  • 40 Lings 10 Banelings

Late Game

  • 4-6 Ultralisks
  • Some Vipers / Infestors
  • 40 Lings
  • 20 Banelings
  • Mutalisks / Corruptors

VOD

https://www.youtube.com/watch?v=nB6GMT79oFo

Replay - Railgan v ZertoN - Cyber Forest LE

Build Order

Get SALT Encoding   

  12  0:00  Drone  
  13  0:14  Overlord  
  13  0:17  Drone  
  14  0:35  Drone x3  
  17  0:50  Drone, Spawning Pool  
  17  1:05  Drone  
  18  1:12  Hatchery  
  17  1:19  Extractor  
  17  1:21  Drone x2  
  18  1:38  Queen  
  18  1:39  Zergling x2  
  21  1:46  Drone, Roach Warren  
  22  2:05  Overlord  
  22  2:22  Queen x2  
  22  2:27  Roach x3  
  34  2:46  Overlord  
  36  3:04  Lair  
  43  3:28  Overlord  
  48  4:01  Overlord, Extractor x2  
  43  4:13  Spore Crawler x2  
  43  4:22  Spire  
  42  4:24  Roach  
  51  4:37  Extractor  
  52  5:00  Hatchery  
  50  5:09  Roach x3, Glial Reconstitution  
  60  5:33  Mutalisk x4  
  68  5:46  Evolution Chamber x2  
  70  5:53  Metabolic Boost  
  77  6:08  Baneling Nest  
  77  6:17  Extractor  
  79  6:20  Zerg Ground Armor Level 1  
  79  6:22  Zerg Melee Weapons Level 1  
  82  6:46  Zergling x14, Extractor  
  88  6:52  Centrifical Hooks  
  88  7:00  Zergling x4  
  93  7:07  Hatchery  
  95  7:12  Baneling x6  
  95  7:13  Spine Crawler  
  95  7:15  Zerg Flyer Weapons Level 1  
  95  7:16  Mutalisk x2  
  95  7:22  Queen  
  102  7:29  Mutalisk x3  
  108  7:44  Mutalisk  
  108  7:48  Overseer  
  113  7:54  Baneling x4  
  119  8:06  Hatchery  
  132  9:08  Zerg Melee Weapons Level 2  
  138  9:23  Extractor x2  
  139  9:30  Zerg Ground Armor Level 2  
  146  9:32  Zerg Flyer Weapons Level 2, Hatchery  
  152  9:58  Ravager x3  
Spawning Tool Build Advisor. Get it on Overwolf

Analysis

What to do with the 3 Roaches

  • Try to kill as many as Scv's as you can. 3 Roaches oneshot SCV's and Marines
  • Turn home before the Cyclone pops out. He will kill your Roaches (Techlab on Factory)
  • If your Opponent has a Bunker Turn around.

What to do with the Mutalisks

  • First Shutdown any Liberators / Medivacs / Hellions / Banshees
  • Then Harrass your Opponent and try to take map Control
  • Build your Mutalisk Count as you see fit

What to do against Mech Against Mech I play the same Style. I usually add a lot of Roaches and Ravagers though and go for a Hive Transition. E.G. https://www.youtube.com/watch?v=DJeIFMXEPfo

Go to:

Details

  • Created by: railgan      
  • Published on: Mar 16, 2019
  • Modified on: Mar 16, 2019
  • Patch: 4.7.1
Show
View Real Time Build Order
Export as new Build Order

Comments (0)

There are no comments. Be the first!

Create an account to comment!